 Dungeon Sprint DCSS version 0.26-a0-23-g3ae7099 (webtiles) character file.

Game seed: 14571504708985916260, levelgen mode: deterministic

4000000 thirtiethelement the Archmage (level 27, -61/323 HPs)
             Began as a Demonspawn Warper on May 26, 2020.
             Was the Champion of Makhleb.
             Annihilated by a sculptor of flesh
             ... wielding a +9 great sword
              (248 damage)
             ... in the Dungeon (Sprint VIII: "Arena of Blood").
             The game lasted 00:03:47 (40 turns).

thirtiethelement the Archmage (Demonspawn Warper)     Turns: 40, Time: 00:03:47

Health: -61/323    AC:  6    Str: 13    XL:     27
Magic:  13/54      EV: 30    Int: 25    God:    Makhleb [******]
Gold:   0          SH:  0    Dex: 14    Spells: 80/80 levels left

rFire    . . .     SeeInvis +   b - +∞ Axe of Woe
rCold    . . .     Gourm    .   (shield currently unavailable)
rNeg     . . .     Faith    .   a - +0 leather armour
rPois    .         Spirit   .   (helmet unavailable)
rElec    .         Reflect  .   (no cloak)
rCorr    .         Harm     .   (gloves unavailable)
MR       ++...     NoTele   +   (boots unavailable)
Stlth    +++++++++.             (no amulet)
HPRegen  10.63/turn             (no ring)
MPRegen  0.34/turn              (no ring)

@: no status effects
A: antennae 3, claws 3, hooves 3, powered by death 3, robust 3, spiny 3
a: Minor Destruction, Lesser Servant of Makhleb, Major Destruction, Greater
Servant of Makhleb, Renounce Religion


You were in the Dungeon.
You worshipped Makhleb.
Makhleb was exalted by your worship.
You were not hungry.

You visited 1 branch

Inventory:

Hand Weapons
 b - the +∞ Axe of Woe (weapon)
   (You found it in the Dungeon)
Missiles
 d - 5 boomerangs of dispersal (quivered)
Armour
 a - a +0 leather armour (worn)
Scrolls
 c - 2 scrolls of blinking
Potions
 e - a potion of curing
 g - a potion of heal wounds
 h - a potion of haste
 i - 2 potions of magic
 j - a potion of berserk rage
Comestibles
 f - a ration


   Skills:
 O Level 27 Fighting
 O Level 27 Axes
 O Level 27 Throwing
 O Level 27 Armour
 O Level 27 Dodging
 O Level 27 Stealth
 O Level 27 Unarmed Combat
 O Level 27 Spellcasting
   Level 2.6 Translocations
 O Level 27 Invocations


You had 80 spell levels left.
You didn't know any spells.
Your spell library contained the following spells:

 Spells                   Type           Power        Failure   Level  Hunger
 Blink                    Tloc           N/A          1%          2    None
 Shroud of Golubria       Chrm/Tloc      #####.       1%          2    None
 Gell's Gravitas          Tloc           #####.....   1%          3    None
 Lesser Beckoning         Tloc           #####.....   1%          3    None
 Teleport Other           Tloc           #####...     1%          3    None
 Passage of Golubria      Tloc           N/A          3%          4    None


Dungeon Overview and Level Annotations

Branches:
Dungeon (1/1)

Altars:
Makhleb


Innate Abilities, Weirdness & Mutations

You have a pair of large antennae on your head. (SInv)
You have claws for hands.
You have hooves in place of feet.
You regenerate a lot of health from kills.
You are extremely robust. (+30% HP)
You are completely covered in sharp spines.


Message History

A bag of meat comes into view. It is wielding a +9 war axe.
You hear a shout!
A sculptor of flesh comes into view. It is wielding a +9 great sword.
You hear a shout! x4
The bag of meat hits you with a +9 war axe!
The sculptor of flesh appears out of thin air!
A sculptor of flesh comes into view. It is wielding a +9 great sword.
You hear a shout! x3
A meat berserker comes into view. It is wielding a +9 battleaxe.
You hear a shout! x2
You hear a shout! x7; You hear two shouts!
You hear a shout! x6
A meat berserker comes into view. It is wielding a +9 battleaxe.
You hear a shout! x2
A bag of meat comes into view. It is wielding a +9 war axe.
You hear a shout!
The sculptor of flesh is struck by your spines.
The sculptor of flesh hits you with a +9 great sword!!!!!
Ouch! That really hurt!
You die...

...o#.......... ..
#........#...{......
#......°..#o{......#
#.......o..{.#.... #
#..o..{{.{#......###
#....#{{{{.........)
#..z.##.oD)...#..)))
#.....#oooo)#.§))).)
#=.@.oo###{{o)§)))).
#.z...##.{{{#)☼)).).
#....#.o%{{{{§#.).).
#....#..oo.{{o......
#...O....o..{{...###
#.............{... #
#......%..%........#
#.ooO..%..#.........
.#.#...


You could see 2 sculptors of flesh, 2 meat berserkers and 13 bags of meat.

Vanquished Creatures
  5 vampire knights (D)
  17 ogres (D)
  A two-headed ogre (D)
  36 orcs (D)
  2 crawling corpses (D)
61 creatures vanquished.

Notes
Turn   | Place    | Note
-------+----------+-------------------------------------------
     0 | D        | Found the +∞ Axe of Woe
     0 | D        | thirtiethelement the Demonspawn Warper began the quest for
                  | the Orb.
     0 | D        | Reached XP level 1. HP: 16/16 MP: 3/3
     2 | D        | Noticed a meat berserker
     3 | D        | Became a worshipper of Makhleb the Destroyer
     4 | D        | Noticed a meat berserker
     5 | D        | Noticed a meat berserker
     6 | D        | Noticed a bag of meat
     8 | D        | Noticed a bag of meat
     8 | D        | Noticed a bag of meat
     9 | D        | Killed a meat berserker
     9 | D        | Reached skill level 15 in Fighting
     9 | D        | Reached skill level 5 in Axes
     9 | D        | Reached skill level 5 in Throwing
     9 | D        | Reached skill level 5 in Armour
     9 | D        | Gained mutation: You are partially covered in sharp spines.
                  | [demonic ancestry]
     9 | D        | Reached XP level 2. HP: 44/44 MP: 3/20
     9 | D        | Reached XP level 3. HP: 50/50 MP: 3/21
     9 | D        | Gained mutation: You regenerate a little health from kills.
                  | [demonic ancestry]
     9 | D        | Reached XP level 4. HP: 57/57 MP: 3/23
     9 | D        | Reached XP level 5. HP: 63/63 MP: 3/24
     9 | D        | Reached XP level 6. HP: 70/70 MP: 3/26
     9 | D        | Gained mutation: You have large cloven feet. [demonic
                  | ancestry]
     9 | D        | Reached XP level 7. HP: 76/76 MP: 3/27
     9 | D        | Gained mutation: You have a pair of small antennae on your
                  | head. [demonic ancestry]
     9 | D        | Reached XP level 8. HP: 83/83 MP: 3/29
     9 | D        | Gained mutation: You have hoof-like feet. [demonic
                  | ancestry]
     9 | D        | Reached XP level 9. HP: 90/90 MP: 3/30
     9 | D        | Reached XP level 10. HP: 97/97 MP: 3/31
     9 | D        | Gained mutation: You have a pair of antennae on your head.
                  | [demonic ancestry]
     9 | D        | Reached XP level 11. HP: 103/103 MP: 3/32
     9 | D        | Gained mutation: You have hooves in place of feet. [demonic
                  | ancestry]
     9 | D        | Reached XP level 12. HP: 110/110 MP: 3/33
     9 | D        | Gained mutation: You are mostly covered in sharp spines.
                  | [demonic ancestry]
     9 | D        | Reached XP level 13. HP: 116/116 MP: 3/34
     9 | D        | Killed a meat berserker
     9 | D        | Reached * piety under Makhleb
     9 | D        | Gained mutation: You have sharp fingernails. [demonic
                  | ancestry]
     9 | D        | Reached XP level 14. HP: 129/129 MP: 3/37
     9 | D        | Noticed a meat berserker
     9 | D        | Noticed a meat berserker
     9 | D        | Noticed a bag of meat
     9 | D        | Noticed a bag of meat
     9 | D        | Noticed a bag of meat
    10 | D        | Noticed a bag of meat
    11 | D        | Killed a meat berserker
    11 | D        | Gained mutation: You have a pair of large antennae on your
                  | head. (SInv) [demonic ancestry]
    11 | D        | Reached XP level 15. HP: 46/139 MP: 3/40
    12 | D        | Killed a meat berserker
    12 | D        | Killed a meat berserker
    12 | D        | Reached ** piety under Makhleb
    12 | D        | Reached XP level 16. HP: 92/152 MP: 4/44
    12 | D        | Noticed a meat berserker
    12 | D        | Noticed a meat berserker
    13 | D        | Gained mutation: You have very sharp fingernails. [demonic
                  | ancestry]
    13 | D        | Reached XP level 17. HP: 92/162 MP: 4/46
    13 | D        | Reached *** piety under Makhleb
    13 | D        | Reached skill level 15 in Axes
    13 | D        | Reached skill level 10 in Throwing
    13 | D        | Noticed a meat berserker
    15 | D        | Noticed a meat berserker
    15 | D        | Noticed a meat berserker
    17 | D        | Reached skill level 10 in Armour
    17 | D        | Reached skill level 27 in Spellcasting
    17 | D        | Gained mutation: You have claws for hands. [demonic
                  | ancestry]
    17 | D        | Reached XP level 18. HP: 177/177 MP: 6/49
    17 | D        | Killed a meat berserker
    17 | D        | Reached **** piety under Makhleb
    17 | D        | Killed a meat berserker
    17 | D        | Reached skill level 27 in Fighting
    17 | D        | Gained mutation: You are completely covered in sharp
                  | spines. [demonic ancestry]
    17 | D        | Reached XP level 19. HP: 189/189 MP: 6/50
    17 | D        | Reached ***** piety under Makhleb
    17 | D        | Noticed a meat berserker
    18 | D        | Reached skill level 27 in Axes
    18 | D        | Reached skill level 27 in Dodging
    18 | D        | Killed a meat berserker
    18 | D        | Reached skill level 27 in Unarmed Combat
    18 | D        | Gained mutation: You regenerate health from kills. [demonic
                  | ancestry]
    18 | D        | Reached XP level 20. HP: 197/197 MP: 6/51
    18 | D        | Noticed a meat berserker
    19 | D        | Noticed a destroyer
    19 | D        | Noticed a meat berserker
    19 | D        | Noticed a large bag of meat
    20 | D        | Reached ****** piety under Makhleb
    20 | D        | Reached skill level 27 in Throwing
    20 | D        | Reached XP level 21. HP: 204/204 MP: 6/52
    21 | D        | Noticed a destroyer
    23 | D        | Reached skill level 27 in Armour
    23 | D        | Reached skill level 15 in Stealth
    23 | D        | Reached skill level 27 in Invocations
    23 | D        | Gained mutation: You are robust. (+10% HP) [demonic
                  | ancestry]
    23 | D        | Reached XP level 22. HP: 204/233 MP: 7/53
    23 | D        | Reached skill level 27 in Stealth
    23 | D        | Killed a destroyer
    23 | D        | Gained mutation: You regenerate a lot of health from kills.
                  | [demonic ancestry]
    23 | D        | Reached XP level 23. HP: 240/240 MP: 7/54
    24 | D        | Noticed a destroyer
    25 | D        | Killed a large bag of meat
    26 | D        | Noticed a destroyer
    26 | D        | Noticed a large bag of meat
    27 | D        | Noticed a destroyer
    28 | D        | Gained mutation: You are very robust. (+20% HP) [demonic
                  | ancestry]
    28 | D        | Reached XP level 24. HP: 239/272 MP: 9/54
    28 | D        | Killed a destroyer
    30 | D        | Reached XP level 25. HP: 280/280 MP: 9/54
    30 | D        | Killed a destroyer
    31 | D        | Noticed a destroyer
    32 | D        | Gained mutation: You are extremely robust. (+30% HP)
                  | [demonic ancestry]
    32 | D        | Reached XP level 26. HP: 263/314 MP: 10/54
    32 | D        | Noticed a large bag of meat
    33 | D        | Killed a destroyer
    33 | D        | Reached XP level 27. HP: 323/323 MP: 10/54
    35 | D        | Killed a destroyer
    40 | D        | Annihilated by a sculptor of flesh

Illustrated notes

Levels and vault maps discovered:
D:        meatsprint

Skill      XL: |  1  2  3  4  5  6  7  8  9 10 11 12 13 14 15 16 17 18 19 20 21 22 |
---------------+-------------------------------------------------------------------+-----
Fighting       | 15 17 19 21 22 25 27 | 27.0
Axes           | 5 7 9 13 14 18 22 27 | 27.0
Throwing       | 5 6 7 9 10 11 19 27 | 27.0
Armour         | 5 6 7 9 10 11 14 21 27 | 27.0
Dodging        | 14 16 18 20 21 23 25 27 | 27.0
Unarmed Combat | 13 16 17 20 21 23 24 27 | 27.0
Spellcasting   | 17 19 21 24 25 27 | 27.0
Stealth        | 22 27 | 27.0
Invocations    | 27 | 27.0
Translocations | |  2.6

Action                   |  1- 3 |  4- 6 |  7- 9 | 10-12 | 13-15 | 16-18 | 19-21 | 22-24 | 25-27 || total
-------------------------+-------+-------+-------+-------+-------+-------+-------+-------+-------++-------
Melee: Executioner's axe |     1 |       |       |       |     2 |     3 |     3 |     3 |     3 ||    15
Dodge: Dodged            |       |       |       |       |       |       |     2 |     2 |       ||     4

Table legend:
 A = Non-vault XP
 B = Vault XP
 C = Vault XP percentage of total XP
 D = Non-vault monster count
 E = Vault monster count
 F = Vault count percentage of total count
                 A         B        C        D         E       F
            +---------+---------+-------+---------+---------+-------
      Total |  682324 |  914797 |  57.3 |      21 |      38 |  64.4
            +---------+---------+-------+---------+---------+-------
          D |  682324 |  914797 |  57.3 |      21 |      38 |  64.4
            +---------+---------+-------+---------+---------+-------
